[Event "KP 2024/25,J. N. Bydzov-L. Belohrad"]
[Site "?"]
[Date "2025.03.23"]
[Round "10.2"]
[White "Nalevka, Petr"]
[Black "Prazak, Matous"]
[Result "1/2-1/2"]
[ECO "A41"]
[WhiteElo "1962"]
[BlackElo "1961"]
[PlyCount "99"]
[EventDate "2025.??.??"]
[TimeControl "900+10"]

{600MB, Fritz10.ctg} 1. d4 d6 2. c4 e5 3. Nf3 Nc6 4. e3 g6 5. b3 Bg7 6. Bb2 e4
7. Nfd2 f5 8. Be2 Nf6 9. O-O O-O 10. Nc3 Bd7 11. f3 exf3 12. Bxf3 Re8 13. Re1
g5 14. Nf1 Bh6 15. Nd5 g4 16. Nxf6+ Qxf6 17. Bd5+ Kh8 18. g3 Re7 19. Qd2 Bg7
20. Re2 Rae8 21. Rae1 Nd8 22. e4 c6 23. e5 Qg6 24. Bg2 dxe5 25. dxe5 Nf7 26.
Qa5 Bc8 27. e6 Rxe6 28. Bxg7+ Kxg7 29. Rxe6 Rxe6 30. Rxe6 Qxe6 31. Qxa7 Kg6 32.
Qe3 Qxe3+ 33. Nxe3 Kf6 34. Kf2 Ke5 35. Nc2 f4 36. gxf4+ Kxf4 37. Nd4 h5 38. a4
h4 39. Ne2+ Ke5 40. Ke3 Nd6 41. a5 Nf5+ 42. Kd3 c5 43. Be4 g3 44. hxg3 Nxg3 45.
Nxg3 hxg3 46. Bg2 Kf4 47. Kd2 Bg4 48. Bxb7 Bf3 49. Bxf3 Kxf3 50. a6 1/2-1/2

[Event "KP 2024/25,J. N. Bydzov-L. Belohrad"]
[Site "?"]
[Date "2025.03.23"]
[Round "10.3"]
[White "Vanek, Tomas"]
[Black "Korinek, Pavel"]
[Result "0-1"]
[ECO "C22"]
[WhiteElo "1910"]
[BlackElo "1980"]
[PlyCount "84"]
[EventDate "2025.??.??"]
[TimeControl "900+10"]

{600MB, Fritz10.ctg} 1. e4 e5 2. d4 exd4 3. Qxd4 Nc6 4. Qe3 Bb4+ 5. c3 Ba5 6.
Qg3 Qf6 7. Bd3 Qg6 8. Qxg6 hxg6 9. Be3 Nf6 10. f3 d6 11. Nd2 Bb6 12. Bxb6 axb6
13. Bc4 Ke7 14. Ne2 Ne5 15. Nc1 Nxc4 16. Nxc4 Be6 17. Ne3 Ra5 18. a3 g5 19. h3
g4 20. fxg4 Bxg4 21. Nxg4 Nxg4 22. Nd3 Nf6 23. Nf2 Nxe4 24. Nxe4 Re5 25. Kd2
Rxe4 26. Rae1 Re5 27. Rxe5+ dxe5 28. Ke3 Rd8 29. Rf1 Ke6 30. Rf2 f5 31. Re2 Kf6
32. h4 g6 33. g3 Rd1 34. Rh2 e4 35. Re2 Rd3+ 36. Kf2 Ke5 37. Kg2 Kd5 38. Kf2
Ke6 39. Kg2 Ke5 40. Kf2 f4 41. gxf4+ Kxf4 42. Kg2 e3 0-1

[Event "KP 2024/25,J. N. Bydzov-L. Belohrad"]
[Site "?"]
[Date "2025.03.23"]
[Round "10.4"]
[White "Balaz, Rene"]
[Black "Vanicek, Vojtech"]
[Result "0-1"]
[ECO "A36"]
[WhiteElo "2041"]
[BlackElo "1913"]
[Annotator "user"]
[PlyCount "100"]
[EventDate "2025.??.??"]
[TimeControl "900+10"]

{600MB, Fritz10.ctg} 1. c4 Nf6 2. g3 c5 3. Bg2 g6 4. e4 Nc6 5. Ne2 d6 6. Nbc3
Bg7 7. O-O O-O 8. d3 Nh5 9. f4 f5 10. exf5 Bxf5 11. h3 Nf6 12. g4 Bd7 13. Ng3
e6 14. Be3 a6 15. Rb1 Rb8 16. g5 Ne8 17. h4 Nd4 18. h5 Bc6 19. hxg6 hxg6 20.
Nce4 Nf5 21. Nxf5 exf5 22. Nc3 Bxg2 23. Kxg2 b5 24. cxb5 axb5 25. Qb3+ Rf7 26.
Rbe1 c4 27. dxc4 bxc4 28. Qxc4 Rxb2+ 29. Rf2 Bxc3 30. Qxc3 Qa8+ 31. Kg3 Rxa2
32. Rxa2 Qxa2 33. Rh1 Rh7 34. Rxh7 Kxh7 35. Bd4 Qe2 36. Qb4 Qg4+ 37. Kf2 Qxf4+
38. Ke2 Qg4+ 39. Kf2 Qxg5 40. Qb7+ Kg8 41. Qd5+ Kf8 42. Be3 Qh4+ 43. Ke2 Qg4+
44. Kd2 f4 45. Bd4 Qf5 46. Qh1 Qa5+ 47. Bc3 Qh5 48. Qe4 Qh2+ 49. Kd3 Qg3+ 50.
Kc2 f3 0-1

[Event "KP 2024/25,J. N. Bydzov-L. Belohrad"]
[Site "?"]
[Date "2025.03.23"]
[Round "10.5"]
[White "Mrazek, Vladimir"]
[Black "Dupenopulos, Karel"]
[Result "0-1"]
[ECO "D85"]
[WhiteElo "1815"]
[BlackElo "1862"]
[Annotator "user"]
[PlyCount "108"]
[EventDate "2025.??.??"]
[TimeControl "900+10"]

{600MB, Fritz10.ctg} 1. d4 Nf6 2. Nf3 g6 3. c4 Bg7 4. Nc3 d5 5. cxd5 Nxd5 6. e4
Nxc3 7. bxc3 c5 8. Be3 Nc6 9. h3 Qa5 10. Qd2 O-O 11. Rc1 cxd4 12. Nxd4 Rd8 13.
Nxc6 bxc6 14. Qc2 Be6 15. Be2 Bxa2 16. O-O Be6 17. Ra1 Qxc3 18. Qxc3 Bxc3 19.
Rxa7 Rxa7 20. Bxa7 Ra8 21. Bc5 Kf8 22. Rb1 Ra1 23. Rxa1 Bxa1 24. f4 Bb3 25. Kf2
Ke8 26. g4 e5 27. fxe5 Bxe5 28. Ke3 Kd7 29. Bf1 Ke6 30. Bg2 Bc4 31. Bf8 Bd6 32.
Bxd6 Kxd6 33. Kd4 Bb5 34. e5+ Ke6 35. h4 f6 36. exf6 Kxf6 37. Be4 h6 38. Bf3 g5
39. hxg5+ Kxg5 40. Ke5 c5 41. Kd5 c4 42. Kd4 Kf4 43. Bd1 Ba6 44. Kc3 Ke5 45.
Bf3 Kf4 46. Bd1 Ke3 47. Bc2 Kf4 48. Bd1 Bc8 49. Kxc4 Bxg4 50. Ba4 h5 51. Kd3
Kf3 52. Kd2 Kf2 53. Bc6 h4 54. Bd5 h3 0-1

[Event "KP 2024/25,J. N. Bydzov-L. Belohrad"]
[Site "?"]
[Date "2025.03.23"]
[Round "10.6"]
[White "Buchar, Petr"]
[Black "Bednar, Milos"]
[Result "0-1"]
[ECO "A02"]
[WhiteElo "1919"]
[BlackElo "1863"]
[PlyCount "116"]
[EventDate "2025.??.??"]
[TimeControl "900+10"]

{600MB, Fritz10.ctg} 1. f4 e5 2. fxe5 d6 3. exd6 Nf6 4. Nf3 Bxd6 5. d4 O-O 6.
Nc3 Bf5 7. g3 Nc6 8. a3 Ng4 9. Bg2 Nxh2 10. Nxh2 Bxg3+ 11. Kf1 Nxd4 12. e4 Be6
13. Nd5 f5 14. e5 Bxd5 15. Kg1 Bc4 16. Bf1 Bxf1 17. Nxf1 Bxe5 18. Qh5 h6 19.
Bxh6 gxh6 20. Qg6+ Bg7 21. Rxh6 Rf6 22. Qh7+ Kf7 23. Rh3 Qh8 24. Qxh8 Rxh8 25.
Rd3 Re8 26. Ng3 Ne2+ 27. Nxe2 Rxe2 28. Rd7+ Re7 29. Rdd1 f4 30. Kf2 Rfe6 31. c3
Re2+ 32. Kf3 Rxb2 33. Kxf4 Bxc3 34. Kg4 Be5 35. Rd8 Ke6 36. Re1 b6 37. Rg8 Kd7
38. Rd1+ Bd6 39. Ra8 a5 40. Rh8 Rb3 41. a4 Rb4+ 42. Kf5 Rxa4 43. Kg6 Rc4 44.
Rdh1 a4 45. Ra8 a3 46. Rd1 Rc3 47. Kf6 Rf3+ 48. Kg6 Kc6 49. Rc1+ Kb7 50. Ra4 b5
51. Rb1 b4 52. Ra5 Re2 53. Rb5+ Kc6 54. Rg5 b3 55. Rc1+ Kd7 56. Rd1 a2 57. Kh5
b2 58. Rg7+ Kc6 0-1

[Event "KP 2024/25,J. N. Bydzov-L. Belohrad"]
[Site "?"]
[Date "2025.03.23"]
[Round "10.7"]
[White "Vanicek, Lukas"]
[Black "Kykal, Zbynek"]
[Result "0-1"]
[ECO "D00"]
[WhiteElo "1815"]
[BlackElo "1807"]
[PlyCount "92"]
[EventDate "2025.??.??"]
[TimeControl "900+10"]

{600MB, Fritz10.ctg} 1. f4 d5 2. Nf3 Bf5 3. e3 e6 4. d4 Nf6 5. Bd3 Bg6 6. O-O
Be7 7. Ne5 O-O 8. Nd2 c5 9. dxc5 Bxc5 10. Nb3 Bb6 11. Nd4 Nbd7 12. Nxg6 hxg6
13. a4 a6 14. Nf3 Qc7 15. Ng5 Rfe8 16. Kh1 Rac8 17. Qe1 Nc5 18. Be2 Nce4 19. c3
Nxg5 20. fxg5 Ne4 21. Bd3 Nxg5 22. e4 Nxe4 23. Bxe4 dxe4 24. Qxe4 Qc6 25. Qg4
Red8 26. Bg5 Rd5 27. Rf3 Rf5 28. Rxf5 exf5 29. Qh3 Re8 30. Qd3 Re4 31. a5 Bc7
32. Rd1 Rg4 33. Qd2 Bxa5 34. h3 Re4 35. Bd8 Bxd8 36. Qxd8+ Kh7 37. Kh2 Qe6 38.
Qd3 b5 39. Rd2 b4 40. cxb4 Rxb4 41. Re2 Re4 42. Rf2 Qe5+ 43. Kg1 Re1+ 44. Rf1
a5 45. Rxe1 Qxe1+ 46. Kh2 Qe5+ 0-1

[Event "KP 2024/25,J. N. Bydzov-L. Belohrad"]
[Site "?"]
[Date "2025.03.23"]
[Round "10.8"]
[White "Jezek, Milan"]
[Black "Rozenek, Roman"]
[Result "1-0"]
[ECO "A20"]
[WhiteElo "1795"]
[BlackElo "1809"]
[PlyCount "141"]
[EventDate "2025.??.??"]
[TimeControl "900+10"]

{600MB, Fritz10.ctg} 1. c4 e5 2. g3 Nf6 3. Bg2 Bc5 4. e3 c6 5. Ne2 d6 6. O-O
O-O 7. Nbc3 Bg4 8. h3 Be6 9. b3 Qc8 10. Kh2 h5 11. Na4 Bb4 12. a3 Ba5 13. Bb2
h4 14. Rc1 hxg3+ 15. fxg3 Bc7 16. d4 Qe8 17. d5 Bd7 18. Nac3 Nh7 19. e4 f5 20.
exf5 Bxf5 21. Be4 Qg6 22. Qd3 Bxe4 23. Rxf8+ Kxf8 24. Rf1+ Ke7 25. Qxe4 Qh6 26.
Bc1 Ng5 27. Qf5 Qxh3+ 28. Qxh3 Nxh3 29. Kxh3 Nd7 30. Bg5+ Ke8 31. Be3 Nf6 32.
g4 Kd7 33. Kg3 Rh8 34. b4 b6 35. Bg5 Bd8 36. dxc6+ Kxc6 37. Bxf6 gxf6 38. Ne4
Rf8 39. N2c3 a6 40. Nd5 b5 41. Ndxf6 bxc4 42. g5 d5 43. Nc5 Rf7 44. Kg4 c3 45.
Kf5 a5 46. Kxe5 Re7+ 47. Kd4 axb4 48. axb4 c2 49. Rc1 Re2 50. Kd3 Rg2 51. Rxc2
Rxg5 52. Ne6+ Kb5 53. Nxg5 Bxf6 54. Ne6 Kxb4 55. Rc5 Be7 56. Rxd5 Bf6 57. Rc5
Be7 58. Rc8 Bf6 59. Rb8+ Ka4 60. Kc4 Ka3 61. Nc5 Be5 62. Rb7 Ka2 63. Nd3 Bf6
64. Nc1+ Ka3 65. Nb3 Kb2 66. Nd4+ Kc1 67. Kd3 Bh8 68. Rh7 Bf6 69. Rh2 Kb1 70.
Kc3 Ka1 71. Kb3 1-0